 Dungeon Crawl Stone Soup version 0.27-a0-1140-g099f9bb0e8 (webtiles) character file.

Game seed: 5820183573393538475

270507 polve the Corrupter of Planes (level 19, -6/157 HPs)
             Began as a Demonspawn Abyssal Knight on Apr 14, 2021.
             Was the Champion of Lugonu.
             Killed from afar by Nikola (25 damage)
             ... with a chain lightning
             ... on level 1 of the Vaults on May 8, 2021.
             The game lasted 01:26:03 (63395 turns).

polve the Corrupter of Planes (DsAK)               Turns: 63395, Time: 01:26:03

Health: -6/157     AC: 37    Str: 20 (21) XL:     19   Next: 81%
Magic:  0/32       EV:  7    Int: 14      God:    Lugonu [******]
Gold:   730        SH: 30    Dex: 17      Spells: 18/18 levels left

rFire    + + .     SeeInvis .   a - +9 quick blade (distort)
rCold    + . .     Faith    .   G - +5 kite shield
rNeg     + . .     Spirit   +   Z - +12 gold dragon scales of Tender Moments {rPois rF+ rC+ Dex+3}
rPois    +         Reflect  +   (helmet unavailable)
rElec    .         Harm     .   H - scarf {repulsion}
rCorr    .         Rampage  +   M - +0 pair of gloves
Will     +....                  n - +2 pair of boots {rampage}
Stlth    ..........             l - amulet "Denoew" {Reflect rF+ SH+5}
HPRegen  0.36/turn              W - +4 ring of slaying
MPRegen  0.46/turn              J - ring of flight

@: flying, repel missiles
A: horns 3, large bone plates 2, demonic guardian 3, negative energy resistance
1, magic shield, magic regeneration, deterioration 1, strong 1
}: 1/15 runes: barnacled
a: Renounce Religion, Depart the Abyss, Bend Space, Banish, Corrupt, Enter the
Abyss


You were on level 1 of the Vaults.
You worshipped Lugonu.
Lugonu was exalted by your worship.
You visited 7 branches of the dungeon, and saw 33 of its levels.
You visited the Abyss 5 times.
You also visited: Ice Cave.

You collected 3294 gold pieces.
You spent 2564 gold pieces at shops.

Inventory:

Hand Weapons
 a - a +9 quick blade of distortion (weapon)
Missiles
 c - 4 throwing nets
 h - 13 boomerangs of dispersal
 y - 14 curare-tipped darts
Armour
 n - a +2 pair of boots of rampaging (worn)
 G - a +5 kite shield (worn)
 H - a scarf of repulsion (worn)
 M - a +0 pair of gloves (worn)
 Z - the +12 gold dragon scales of Tender Moments (worn) {rPois rF+ rC+ Dex+3}
   (You bought it in a shop on level 2 of the Orcish Mines)

   It affects your dexterity (+3).
   It protects you from fire.
   It protects you from cold.
   It protects you from poison.
Jewellery
 e - a ring of resist corrosion
 j - a +6 ring of strength
 l - the amulet "Denoew" (around neck) {Reflect rF+ SH+5}
   (You took it off a frost giant on level 1 of the Depths)

   [amulet of reflection]

   It reflects blocked missile attacks.
   It protects you from fire.
   It affects your SH (+5).
 p - a ring of wizardry
 J - a ring of flight (right hand)
 N - a ring of see invisible
 W - a +4 ring of slaying (left hand)
Wands
 o - a wand of acid (29)
 t - a wand of iceblast (38)
 u - a wand of flame (62)
 v - a wand of polymorph (28)
 A - a wand of mindburst (16)
 B - a wand of charming (8)
 P - a wand of digging (8)
 T - a wand of paralysis (9)
Scrolls
 b - 9 scrolls of fear
 g - 16 scrolls of teleportation
 k - 8 scrolls of amnesia
 m - a scroll of holy word
 q - a scroll of enchant armour
 r - 2 scrolls of enchant weapon
 w - 5 scrolls of fog
 x - 4 scrolls of immolation
 C - 3 scrolls of silence
 F - 12 scrolls of identify
 I - 5 scrolls of blinking
 Q - a scroll of magic mapping {unknown}
Potions
 d - 4 potions of attraction
 f - 3 potions of ambrosia
 i - a potion of might
 s - 2 potions of haste
 z - 3 potions of curing
 D - 6 potions of brilliance
 E - 5 potions of flight
 K - 2 potions of magic
 L - a potion of invisibility
 O - 2 potions of heal wounds
 S - 7 potions of mutation


   Skills:
 - Level 16.0 Fighting
 - Level 14.0 Short Blades
 - Level 15.0 Armour
 - Level 8.0 Dodging
 - Level 4.0 Stealth
 - Level 15.0 Shields
 + Level 19.2 Invocations


You had 18 spell levels left.
You didn't know any spells.
Your spell library contained the following spells:

 Spells                   Type           Power      Damage    Failure   Level
 Animate Skeleton         Necr           0%         N/A       100%        1
 Apportation              Tloc           0%         N/A       100%        1
 Beastly Appendage        Tmut           0%         N/A       100%        1
 Corona                   Hex            0%         N/A       100%        1
 Magic Dart               Conj           0%         1d3       100%        1
 Pain                     Necr           0%         1d4       100%        1
 Summon Small Mammal      Summ           0%         N/A       100%        1
 Blink                    Tloc           N/A        N/A       100%        2
 Call Imp                 Summ           0%         N/A       100%        2
 Ensorcelled Hibernation  Hex/Ice        0%         N/A       100%        2
 Passwall                 Tmut/Erth      0%         N/A       100%        2
 Poisonous Vapours        Pois/Air       0%         N/A       100%        2
 Slow                     Hex            0%         N/A       100%        2
 Sublimation of Blood     Necr           0%         N/A       100%        2
 Wereblood                Tmut           0%         N/A       100%        2
 Confusing Touch          Hex            0%         N/A       100%        3
 Conjure Flame            Conj/Fire      0%         6-21      100%        3
 Gell's Gravitas          Tloc           0%         N/A       100%        3
 Ignite Poison            Fire/Tmut/Pois 0%         N/A       100%        3
 Lesser Beckoning         Tloc           0%         N/A       100%        3
 Mephitic Cloud           Conj/Pois/Air  0%         N/A       100%        3
 Spider Form              Tmut/Pois      0%         N/A       100%        3
 Swiftness                Air            0%         N/A       100%        3
 Tukima's Dance           Hex            0%         N/A       100%        3
 Vampiric Draining        Necr           0%         2d6       100%        3
 Animate Armour           Summ/Erth      0%         N/A       100%        4
 Dispel Undead            Necr           0%         3d6       100%        4
 Ice Form                 Ice/Tmut       0%         N/A       100%        4
 Leda's Liquefaction      Hex/Erth       0%         N/A       100%        4
 Passage of Golubria      Tloc           N/A        N/A       100%        4
 Petrify                  Tmut/Erth      0%         N/A       100%        4
 Summon Ice Beast         Ice/Summ       0%         N/A       100%        4
 Alistair's Intoxication  Tmut/Pois      0%         N/A       100%        5
 Bolt of Magma            Conj/Fire/Erth 0%         4d4       100%        5
 Borgnjor's Vile Clutch   Necr/Erth      0%         N/A       100%        5
 Excruciating Wounds      Necr           0%         N/A       100%        5
 Hydra Form               Tmut           0%         N/A       100%        5
 Irradiate                Conj/Tmut      0%         3d14      100%        5
 Lee's Rapid Deconstruct  Erth           0%         3d5*      100%        5
 Metabolic Englaciation   Hex/Ice        0%         N/A       100%        5
 Silence                  Hex/Air        0%         N/A       100%        5
 Summon Forest            Summ/Tloc      0%         N/A       100%        5
 Summon Mana Viper        Hex/Summ       0%         N/A       100%        5
 Yara's Violent Unravell  Hex/Tmut       0%         3d3       100%        5
 Eringya's Noxious Bog    Tmut/Pois      0%         N/A       100%        6
 Freezing Cloud           Conj/Ice/Air   0%         6-21      100%        6
 Invisibility             Hex            0%         N/A       100%        6
 Iron Shot                Conj/Erth      0%         9d1       100%        6
 Shadow Creatures         Summ           N/A        N/A       100%        6
 Simulacrum               Ice/Necr       0%         N/A       100%        6
 Statue Form              Tmut/Erth      0%         N/A       100%        6
 Ozocubu's Refrigeration  Ice            0%         4d5       100%        7
 Summon Hydra             Summ           0%         N/A       100%        7
 Shatter                  Erth           0%         3d5*      100%        9


Dungeon Overview and Level Annotations

Branches:
Dungeon (15/15)            Temple (0/1) D:7            Lair (6/6) D:11
 Shoals (4/4) Lair:4       Spider (0/4) Lair:4        Slime (0/5) Lair:5
    Orc (2/2) D:9             Elf (3/3) Orc:2        Vaults (1/5) D:14
 Depths (2/5) D:15          IceCv (visited)

Altars:
Ashenzari
Dithmenos
Fedhas
Kikubaaqudgha
Makhleb
Beogh
Jiyva

Shops:
D:4 [   D:8 (   D:9 *   D:10 [   Orc:2 **[*   Elf:1 [=::   Shoals:1 (
Shoals:4 !

Portals:
Hell: Lair:6 Depths:1

Annotations:
Vaults:1 Nikola
Abyss:1 Donald


Innate Abilities, Weirdness & Mutations

You have a pair of large horns on your head.
You are mostly covered in large bone plates. (SH +6)
A powerful demonic guardian rushes to your aid.
You resist negative energy. (rN+)
When hurt, damage is shared between your health and your magic reserves.
You regenerate magic rapidly.
Your body sometimes deteriorates upon taking damage.
Your muscles are strong. (Str +2)


Message History

You are too injured to fight recklessly!
You are too injured to fight recklessly!
You are too injured to fight recklessly!
You are too injured to fight recklessly!
You are too injured to fight recklessly!
You are too injured to fight recklessly!
You are too injured to fight recklessly!
You are too injured to fight recklessly!
You are too injured to fight recklessly!
You are too injured to fight recklessly!
You are too injured to fight recklessly!
Nikola casts a spell.
You hear a mighty clap of thunder!
The lightning arc hits you!!
Your body deteriorates!
You feel weakened.
The lightning arc hits Nikola.
The lightning arc hits you!
The lightning arc hits Nikola!
The lightning arc hits you!!
The lightning arc hits Nikola.
You rampage towards Nikola!
You puncture Nikola!
Space warps horribly around Nikola!
You headbutt Nikola!!
Nikola is severely wounded.
You puncture Nikola!
Nikola is severely wounded.
Nikola blinks!
The ironbound frostheart shouts!
Nikola gestures wildly while chanting.
You hear a mighty clap of thunder!
The lightning arc hits you!
The lightning arc hits Nikola!
The lightning arc hits you!
* * * LOW HITPOINT WARNING * * *
The lightning arc hits Nikola!
The lightning arc hits you!
* * * LOW HITPOINT WARNING * * *
The lightning arc hits Nikola.
Nikola casts a spell.
You hear a mighty clap of thunder!
The lightning arc hits you!!
* * * LOW HITPOINT WARNING * * *
A demonic guardian appears!
The lightning arc hits your reaper! The lightning arc hits you!!
You die...

#.....# #...(....#
#.....# #........#
#.....# #........#
#.....# ##########
#.....#
#.@...#########
#.....#.......#
#.....#.......# ##
#...@.#.......# #.
#.....#..>....# #.
#..2..'.......# #.
#.....#.......# #.
#.....######### #.
#.....# #. #.....# ##
#....p###############
#....................


You could see Nikola (ally target), an ironbound frostheart and a friendly
reaper (summoned).

Vanquished Creatures
  A deep elf blademaster (Elf:2)
  Kirke (Elf:1)
  A storm dragon (Depths:2)
  Frances (D:13)
  A sphinx (Depths:1)
  Gastronok (D:12)
  Polyphemus (Shoals:4)
  An azure jelly (shapeshifter) (Depths:1)
  Ilsuiw (Shoals:4)
  A deep elf sorcerer (Elf:3)
  Aizul (Elf:1)
  The ghost of emiel the Spear-Bearer, a journeyman FoWn of Cheibriados (Lair:5)
  3 frost giants
  7 ironbound preservers
  11 very ugly things
  A spriggan defender (Depths:1)
  2 stone giants (Depths:1)
  Nessos (D:15)
  A deep elf demonologist (Elf:1)
  Azrael (Elf:1)
  A yellow draconian (Abyss:2)
  4 dire elephants
  4 merfolk javelineers
  4 spark wasps
  2 deep elf death magi (Elf:1)
  An ettin (Depths:1)
  A deep elf high priest (Elf:2)
  A yaktaur captain (Vaults:1)
  11 merfolk impalers
  A fire dragon (Depths:2)
  A peacekeeper (Vaults:1)
  6 rakshasas
  2 great orbs of eyes
  2 ice dragons (Depths:1)
  9 centaur warriors
  A catoblepas (Lair:2)
  5 boulder beetles
  4 hydras
  7 merfolk aquamancers
  An ironbound frostheart (Vaults:1)
  2 satyrs
  2 two-headed ogres
  24 dancing weapons
  A two-headed ogre (shapeshifter) (D:15)
  A death knight (D:15)
  A vampire mage (Depths:1)
  2 alligator snapping turtles (Shoals:3)
  A deep troll earth mage (Depths:1)
  6 tengu warriors
  3 death yaks
  4 ironbound beastmasters (Vaults:1)
  A sun demon (Lair:6)
  13 deep elf knights
  7 skeletal warriors
  18 deep trolls (Vaults:1)
  5 wizards
  2 flayed ghosts (Depths:1)
  A swamp dragon (shapeshifter) (Depths:1)
  10 deep elf archers
  7 lindwurms
  10 sea snakes
  An orange crystal statue (Depths:1)
  3 glowing orange brains
  18 harpies
  2 necromancers
  18 deep elf pyromancers
  22 deep elf zephyrmancers
  2 orc knights
  43 ugly things
  A cyclops (shapeshifter) (Elf:2)
  3 fauns
  17 manticores
  10 cyclopes
  11 elephants
  4 merfolk sirens
  6 black mambas
  Joseph (D:7)
  A smoke demon (Abyss:2)
  A gargoyle (D:13)
  7 water nymphs
  2 large abominations (Elf:1)
  A torpor snail (Lair:3)
  An orange demon (Lair:6)
  12 cane toads
  7 rime drakes
  2 unseen horrors
  2 efreet
  A komodo dragon (shapeshifter) (D:15)
  5 ice devils (Lair:6)
  11 komodo dragons
  A hellwing (Lair:6)
  A polar bear (Lair:6)
  27 merfolk
  2 jumping spiders (Lair:4)
  4 wind drakes
  4 trolls
  21 slime creatures
  4 blink frogs
  6 snapping turtles
  5 dream sheep
  4 wraiths
  2 redbacks (Lair:4)
  Sigmund (D:5)
  4 water elementals
  A vampire (D:13)
  2 fire elementals (Elf:1)
  3 hogs (Elf:1)
  3 wyverns
  3 basilisks
  2 steam dragons
  36 yaks
  A chaos spawn (Abyss:2)
  5 vampire mosquitoes
  A warg (D:15)
  6 hell hounds
  2 acid dragons
  19 water moccasins
  A sky beast (D:8)
  A swamp drake (D:9)
  33 orc warriors
  A blink frog zombie (D:10)
  2 black bears
  2 ogres
  2 ice beasts
  7 wolves
  20 centaurs
  3 kobold brigands
  A gnoll sergeant (D:6)
  13 bullfrogs
  3 scorpions
  2 earth elementals
  A small abomination (Abyss:2)
  5 killer bees
  A howler monkey (D:4)
  7 wights
  An electric eel (Elf:3)
  A bullfrog zombie (D:6)
  3 centaur zombies
  2 hounds
  A jelly (D:6)
  A gnoll shaman (D:9)
  16 orc priests
  2 bullfrog skeletons
  Jessica (D:3)
  16 orc wizards
  A killer bee zombie (D:7)
  2 howler monkey skeletons (D:7)
  2 howler monkey zombies (D:8)
  25 gnolls
  6 adders
  A shadow imp (D:6)
  6 white imps
  7 ufetubi (IceCv)
  A worm (D:2)
  A dart slug (D:2)
  53 orcs
  4 bats
  12 endoplasms
  7 giant cockroaches
  8 goblins
  4 hobgoblins
  9 jackals
  10 kobolds
  2 quokkas
  9 ball pythons
  3 frilled lizards
  7 rats
  A fire vortex (Depths:1)
  A plant (Shoals:1)
  A tentacle (Shoals:3)
945 creatures vanquished.

Vanquished Creatures (collateral kills)
  A frost giant (Shoals:4)
  A stone giant (Depths:1)
  A merfolk javelineer (Shoals:2)
  A merfolk impaler (Shoals:4)
  A rakshasa (Depths:1)
  A boulder beetle (D:11)
  A merfolk avatar (Shoals:4)
  A two-headed ogre (D:11)
  3 dancing weapons (Elf:1)
  An orc high priest (Orc:1)
  Sonja (Lair:1)
  A deep elf knight (Elf:2)
  A skeletal warrior (D:13)
  2 deep elf archers (Elf:2)
  3 deep elf zephyrmancers
  3 lindwurms (Lair:6)
  A necromancer (Elf:1)
  A faun (Shoals:4)
  A merfolk siren (Shoals:2)
  6 elephants
  2 cane toads
  A komodo dragon (Lair:2)
  A jumping spider (Lair:4)
  Grinder (D:5)
  Prince Ribbit (D:7)
  A slime creature (D:13)
  Eustachio (D:4)
  A wraith (D:11)
  6 yaks
  3 orc warriors (D:7)
  A black bear (D:11)
  3 wolves
  A large abomination (Abyss:2)
  4 ogres
  2 bullfrogs (D:8)
  A gnoll sergeant (D:11)
  A scorpion (D:11)
  A wight (D:9)
  A jelly (D:6)
  A hound (D:6)
  2 orc priests
  An orc wizard (D:8)
  An iguana (D:4)
  A hound skeleton (D:4)
  A hound zombie (D:5)
  3 gnolls
  An adder (D:2)
  2 orcs
78 creatures vanquished.

Vanquished Creatures (others)
  A reaper (IceCv)
  A merfolk impaler (Shoals:4)
  4 deep elf knights
  A wizard (Lair:6)
  A deep elf zephyrmancer (Elf:2)
  An orc sorcerer (Elf:2)
  2 humans (Elf:1)
  A centaur (Orc:2)
  3 white imps (IceCv)
  3 ufetubi (IceCv)
  A fire vortex (Depths:1)
  21 fungi
  108 plants
  7 tentacles (Shoals:3)
155 creatures vanquished.

Grand Total: 1178 creatures vanquished

Notes
Turn   | Place    | Note
-------+----------+-------------------------------------------
     0 | Abyss:1  | polve the Demonspawn Abyssal Knight began the quest for the
                  | Orb.
     0 | Abyss:1  | Reached XP level 1. HP: 18/18 MP: 2/2
    74 | Abyss:1  | Noticed a large abomination
    90 | D:1      | Escaped the Abyss
   393 | D:1      | Gained mutation: A weak demonic guardian rushes to your
                  | aid. [demonic ancestry]
   393 | D:1      | Reached XP level 2. HP: 17/24 MP: 3/3
   487 | D:1      | Reached * piety under Lugonu
  1171 | D:1      | Found a faded altar of an unknown god.
  1364 | D:1      | Reached skill level 1 in Shields
  1364 | D:1      | Gained mutation: You regenerate magic rapidly. [demonic
                  | ancestry]
  1364 | D:1      | Reached XP level 3. HP: 29/29 MP: 4/4
  2110 | D:2      | Reached ** piety under Lugonu
  2312 | D:2      | Reached XP level 4. HP: 35/35 MP: 5/5
  3255 | D:3      | Noticed Jessica
  3275 | D:3      | Killed Jessica
  3485 | D:3      | Found a blossoming altar of Fedhas.
  4446 | D:4      | Gained mutation: A demonic guardian rushes to your aid.
                  | [demonic ancestry]
  4446 | D:4      | Reached XP level 5. HP: 26/41 MP: 6/6
  4590 | D:4      | Found Xyceorug's Armour Shop.
  4633 | D:4      | Bought a +0 chain mail of poison resistance for 93 gold
                  | pieces
  4656 | D:4      | Noticed Eustachio
  4971 | D:4      | Noticed an ogre
  5866 | D:4      | Killed an ogre
  5867 | D:4      | Gained mutation: You have a pair of small horns on your
                  | head. [demonic ancestry]
  5867 | D:4      | Reached XP level 6. HP: 19/47 MP: 7/7
  6141 | D:5      | Entered Level 5 of the Dungeon
  6282 | D:5      | Noticed an ice beast
  6304 | D:5      | Killed an ice beast
  6399 | D:5      | Noticed Grinder
  6411 | D:5      | Paralysed by Grinder for 3 turns
  6416 | D:5      | Killed Grinder
  6417 | D:5      | Reached XP level 7. HP: 20/52 MP: 7/9
  6620 | D:5      | Reached skill level 3 in Invocations
  6679 | D:5      | Noticed Sigmund
  6680 | D:5      | Gained mutation: You are partially covered in large bone
                  | plates. (SH +4) [potion of mutation]
  6680 | D:5      | Gained mutation: Your muscles are strong. (Str +2) [potion
                  | of mutation]
  6700 | D:5      | Killed Sigmund
  6701 | D:5      | Reached skill level 4 in Invocations
  7158 | D:5      | Reached skill level 5 in Invocations
  8043 | D:4      | Killed Eustachio
  8044 | D:4      | Reached skill level 5 in Fighting
  8044 | D:4      | Gained mutation: You have a pair of horns on your head.
                  | [demonic ancestry]
  8044 | D:4      | Reached XP level 8. HP: 48/62 MP: 12/12
  8285 | D:6      | Reached skill level 6 in Invocations
  8427 | D:6      | Reached skill level 7 in Invocations
  8456 | D:6      | Reached *** piety under Lugonu
  9115 | D:6      | Reached skill level 8 in Invocations
  9242 | D:6      | Reached skill level 5 in Short Blades
  9896 | D:6      | Gained mutation: When hurt, damage is shared between your
                  | health and your magic reserves. [demonic ancestry]
  9896 | D:6      | Reached XP level 9. HP: 47/69 MP: 15/15
 10010 | D:7      | Noticed Prince Ribbit
 10018 | D:7      | Killed Prince Ribbit
 10426 | D:7      | Noticed Joseph
 10445 | D:7      | Killed Joseph
 11287 | D:7      | Found a staircase to the Ecumenical Temple.
 11571 | D:7      | Reached **** piety under Lugonu
 11835 | D:8      | Noticed a two-headed ogre
 11891 | D:7      | Reached skill level 1 in Dodging
 12178 | D:7      | Banished a two-headed ogre
 12179 | D:7      | Mutation became permanent: You are partially covered in
                  | large bone plates. (SH +4) [demonic ancestry]
 12179 | D:7      | Gained mutation: You are partially covered in large bone
                  | plates. (SH +4) [demonic ancestry]
 12179 | D:7      | Reached XP level 10. HP: 61/80 MP: 8/16
 12329 | D:7      | Reached skill level 1 in Stealth
 13282 | D:8      | Noticed a two-headed ogre
 13285 | D:8      | Banished a two-headed ogre
 13286 | D:8      | Reached skill level 9 in Invocations
 13739 | D:8      | Found Raevuu's Antique Weapon Shop.
 14048 | D:9      | Reached skill level 10 in Invocations
 14261 | D:9      | Found Zoc Manee's Assorted Antiques.
 15456 | D:9      | Found a staircase to the Orcish Mines.
 15630 | D:10     | Entered Level 10 of the Dungeon
 15970 | D:10     | Reached XP level 11. HP: 71/87 MP: 16/18
 16279 | D:10     | Reached ***** piety under Lugonu
 16691 | D:10     | Found Atuqiup's Armour Emporium.
 17020 | D:10     | Found a transporter.
 17024 | D:10     | Found a transporter.
 17024 | D:10     | Noticed a boulder beetle
 17115 | D:10     | Killed a boulder beetle
 17378 | D:11     | Reached skill level 10 in Short Blades
 17809 | D:11     | Upgraded the game from 0.27-a0-978-g2aa4ecdaef to
                  | 0.27-a0-1140-g099f9bb0e8
 17837 | D:11     | Noticed a two-headed ogre
 17980 | D:11     | Killed a two-headed ogre
 17986 | D:11     | Noticed a boulder beetle
 19204 | D:11     | Killed a boulder beetle
 19308 | D:11     | Found a staircase to the Lair.
 19695 | Lair:1   | Entered Level 1 of the Lair of Beasts
 19918 | D:11     | Reached skill level 10 in Fighting
 20546 | Lair:1   | Noticed Sonja
 20564 | Lair:1   | Cast into level 2 of the Abyss (Sonja)
 20655 | Abyss:2  | Noticed a large abomination
 20662 | Lair:1   | Escaped the Abyss
 20682 | Lair:1   | Cast into level 1 of the Abyss (Sonja)
 20683 | Lair:1   | Escaped the Abyss
 20683 | Lair:1   | HP: 2/91 [Sonja/+0 short sword of distortion (9)]
 20684 | Lair:1   | Killed Sonja
 21106 | Lair:1   | Gained mutation: You resist negative energy. (rN+) [demonic
                  | ancestry]
 21106 | Lair:1   | Reached XP level 12. HP: 87/98 MP: 16/19
 21925 | D:11     | HP: 4/99 [wolf (4)]
 22523 | Lair:2   | Reached skill level 5 in Armour
 23478 | Lair:2   | Noticed a catoblepas
 23497 | Lair:2   | Noticed a five-headed hydra
 23505 | Lair:2   | Killed a catoblepas
 23627 | Lair:2   | Banished a five-headed hydra
 24536 | Lair:3   | Noticed a death yak
 24558 | Lair:2   | Killed a death yak
 25259 | D:12     | Found a frozen archway.
 25296 | IceCv    | Entered an ice cave
 25581 | IceCv    | Killed a reaper
 26014 | D:12     | Noticed a two-headed ogre
 26029 | D:12     | Killed a two-headed ogre
 26243 | D:12     | Noticed a centaur warrior
 26260 | D:12     | Killed a centaur warrior
 26563 | D:12     | Found a shadowy altar of Dithmenos.
 26566 | D:12     | Noticed Gastronok
 26580 | D:12     | Killed Gastronok
 26581 | D:12     | Gained mutation: A powerful demonic guardian rushes to your
                  | aid. [demonic ancestry]
 26581 | D:12     | Reached XP level 13. HP: 106/106 MP: 20/20
 27878 | D:13     | Noticed Frances
 28398 | Orc:1    | Entered Level 1 of the Orcish Mines
 28679 | Orc:2    | Entered Level 2 of the Orcish Mines
 29892 | Orc:2    | Found Hockes's General Store.
 29892 | Orc:2    | Found Dyploosi's Antique Armour Emporium.
 29894 | Orc:2    | Found Offaxoy's General Store.
 29896 | Orc:2    | Found Pata Wideyq's General Store.
 30797 | Orc:2    | Found a staircase to the Elven Halls.
 30904 | Elf:1    | Entered Level 1 of the Elven Halls
 31973 | Lair:3   | You fall into a shaft and drop 1 floor!
 32318 | Lair:3   | Reached skill level 5 in Dodging
 32881 | Lair:4   | Found a staircase to the Shoals.
 33440 | Lair:4   | Found a hole to the Spider Nest.
 33875 | Lair:5   | Gained mutation: You are mostly covered in large bone
                  | plates. (SH +6) [demonic ancestry]
 33875 | Lair:5   | Reached XP level 14. HP: 84/115 MP: 19/21
 34500 | Lair:5   | Found a runed translucent gate.
 34842 | Lair:5   | Found a viscous altar of Jiyva.
 34886 | Lair:5   | Found a runed translucent gate.
 34886 | Lair:5   | Found a runed translucent gate.
 35089 | Lair:5   | Found a staircase to the Slime Pits.
 35186 | Lair:5   | Noticed emiel's ghost (journeyman FoWn)
 35225 | Lair:5   | Killed emiel's ghost
 35688 | Orc:2    | Bought encrusted gold dragon scales for 1700 gold pieces
 35688 | Orc:2    | Identified the +12 gold dragon scales of Tender Moments
                  | {rPois rF+ rC+ Dex+3} (You bought it in a shop on level 2
                  | of the Orcish Mines)
 35916 | Lair:6   | Entered Level 6 of the Lair of Beasts
 36044 | Lair:6   | Reached skill level 10 in Armour
 37272 | Lair:6   | Cast into level 2 of the Abyss (a wizard)
 37273 | Lair:6   | Escaped the Abyss
 37290 | Lair:6   | Found a burning altar of Makhleb.
 37782 | Lair:6   | Found a gateway to Hell.
 37789 | Lair:6   | Identified the amulet of Tygejoix {Spirit rF+}
 37903 | Lair:6   | Identified the +5 ring mail of Ranerut {Str+2}
 39312 | D:13     | Killed Frances
 39313 | D:13     | Reached skill level 5 in Shields
 40683 | D:14     | Gained mutation: You have a pair of large horns on your
                  | head. [demonic ancestry]
 40683 | D:14     | Reached XP level 15. HP: 77/120 MP: 16/22
 40919 | D:14     | Found a broken altar of Ashenzari.
 41150 | D:14     | Found a gate to the Vaults.
 42073 | D:15     | Entered Level 15 of the Dungeon
 42158 | D:15     | Reached ****** piety under Lugonu
 43531 | D:15     | Noticed Nessos
 43545 | D:15     | Killed Nessos
 43653 | D:15     | Found an ancient bone altar of Kikubaaqudgha.
 43745 | D:15     | Reached skill level 10 in Shields
 43861 | D:15     | Found a staircase to the Depths.
 44009 | Depths:1 | Entered Level 1 of the Depths
 44571 | Elf:1    | Reached XP level 16. HP: 99/127 MP: 19/23
 44666 | Elf:1    | Noticed Azrael
 44696 | Elf:1    | Killed Azrael
 45109 | Elf:1    | Noticed Kirke
 45136 | Elf:1    | Killed Kirke
 45347 | Elf:1    | Noticed Aizul
 45380 | Elf:1    | Killed Aizul
 45529 | Elf:1    | Found Axeas's Jewellery Boutique.
 45529 | Elf:1    | Found Quuhaupn's Book Shoppe.
 45767 | Elf:1    | Found Bur Utz's Book Shoppe.
 45805 | Elf:1    | Found Hachaul's Antique Armour Shop.
 46137 | Elf:1    | Identified the Incunabulum of Darkness
 46721 | Elf:2    | Cast into level 2 of the Abyss (a deep elf demonologist)
 46909 | Abyss:2  | Gained mutation: Your body sometimes deteriorates upon
                  | taking damage. [a neqoxec]
 47058 | Elf:2    | Escaped the Abyss
 47064 | Elf:1    | Noticed a Tzitzimitl
 47378 | D:10     | Bought a scarf of repulsion for 144 gold pieces
 48330 | Elf:2    | Found a runed translucent gate.
 48330 | Elf:2    | Found a runed translucent gate.
 48340 | Elf:2    | Found a runed translucent gate.
 49752 | Elf:1    | HP: 5/127 [+2 scimitar of electrocution (13)]
 50507 | Elf:2    | Noticed a deep elf blademaster
 50547 | Elf:2    | Killed a deep elf blademaster
 50548 | Elf:2    | Reached XP level 17. HP: 67/133 MP: 18/24
 50621 | Elf:1    | Identified a +2 quick blade of distortion (a +0 quick blade
                  | corrupted by Lugonu)
 50621 | Elf:1    | Received a gift from Lugonu
 51328 | Elf:3    | Entered Level 3 of the Elven Halls
 51781 | D:9      | Bought a scroll of enchant weapon for 225 gold pieces
 53073 | Depths:1 | Reached skill level 15 in Shields
 53080 | Depths:1 | Reached skill level 15 in Armour
 53243 | Depths:1 | Found a runed translucent door.
 53249 | Depths:1 | Found a runed translucent door.
 53392 | Depths:1 | Identified the amulet "Denoew" {Reflect rF+ SH+5}
 53422 | Depths:1 | Reached skill level 11 in Invocations
 53492 | Depths:1 | Noticed a quicksilver dragon
 53492 | Depths:1 | an azure jelly changed into a quicksilver dragon
 53499 | Depths:1 | a quicksilver dragon changed into an azure jelly
 53595 | Depths:1 | Reached skill level 12 in Invocations
 53701 | Depths:1 | Reached skill level 13 in Invocations
 54237 | Depths:1 | Identified the +1 chain mail of the Chupacabra {Dex+3}
 54388 | Depths:2 | Paralysed by a great orb of eyes for 7 turns
 54462 | Depths:2 | Reached skill level 14 in Invocations
 54462 | Depths:2 | Reached XP level 18. HP: 77/140 MP: 15/28
 54472 | Depths:2 | Noticed an Ice Fiend
 54479 | Depths:2 | Noticed a caustic shrike
 55111 | Shoals:1 | Entered Level 1 of the Shoals
 55390 | Elf:1    | Bought a ring of flight for 262 gold pieces
 56603 | Shoals:1 | Found Esuar's Antique Weapon Boutique.
 56652 | Shoals:2 | Reached skill level 15 in Invocations
 56910 | Shoals:2 | Noticed Donald
 56932 | Shoals:2 | Banished Donald
 59271 | Shoals:4 | Entered Level 4 of the Shoals
 59271 | Shoals:4 | Found Culejeg's Distillery.
 59965 | Shoals:4 | Got a barnacled rune of Zot
 60009 | Shoals:4 | Bought 2 potions of heal wounds for 140 gold pieces
 60038 | Shoals:4 | Reached skill level 15 in Fighting
 60691 | Shoals:4 | Reached XP level 19. HP: 142/157 MP: 28/30
 60786 | Shoals:4 | Noticed Ilsuiw
 60858 | Shoals:4 | Killed Ilsuiw
 61087 | Shoals:4 | Noticed Polyphemus
 61106 | Shoals:4 | Killed Polyphemus
 61988 | Vaults:1 | Entered Level 1 of the Vaults
 62048 | Vaults:1 | Reached skill level 16 in Invocations
 62427 | Vaults:1 | Reached skill level 17 in Invocations
 62636 | Vaults:1 | Reached skill level 18 in Invocations
 63234 | Vaults:1 | Reached skill level 19 in Invocations
 63383 | Vaults:1 | Noticed Nikola
 63395 | Vaults:1 | Killed from afar by Nikola

Illustrated notes

Levels and vault maps discovered:
D:1:      psy_arrival_heroes, layout_basic,
          shapermc_ecumenical_altar_mp_highgroup, minivault_24
D:2:      layout_loops_ring, solitary_fountain, minmay_diced_spiral
D:3:      layout_loops_ring, fedhas_altar_1, st_stairs_1, serial_bayou_lagoon_b,
          uniq_jessica
D:4:      layout_basic, serial_shops, shop, uniq_eustachio
D:5:      layout_loops_ring, st_stairs_13, uniq_grinder, uniq_sigmund
D:6:      layout_basic
D:7:      minmay_chambers_of_fours, layout_rooms, temple_hall_moat,
          minmay_misc_feat_enclosed, uniq_prince_ribbit1, uniq_joseph
D:8:      layout_rooms, serial_shops, shop, minmay_alternating_orb
D:9:      layout_rooms, erik_orc_1, serial_shops,
          nicolae_shop_overgrown_old_shop
D:10:     gammafunk_boulding_lane, layout_rooms, serial_shops,
          nicolae_shop_waterfront
D:11:     layout_basic, grunt_lair_entry_orc_guard_hut
D:12:     layout_small_grid, portal_ice_cave_rime,
          nicolae_dithmenos_through_a_glass_darkly, uniq_gastronok
D:13:     layout_basic, david_defended_altar_orc, uniq_frances
D:14:     layout_basic, skrybe_vaults_entry_preservation,
          evilmike_ruin_ashenzari, minmay_misc_feat_tower,
          hangedman_abyss_or_decor_jellyfish_corner
D:15:     gammafunk_enter_depths_forms, layout_irregular_city,
          serial_park_square3 [serial_park_minivault_5x5_2],
          kiku_gazebo_pond_becter, uniq_nessos
Lair:1:   layout_big_grid, serial_bayou_shore_b, grunt_megastairs_1, uniq_sonja
Lair:2:   layout_long_grid, grunt_megastairs_3, lemuel_fruit_tree
Lair:3:   layout_chaotic_city, serial_bayou_shore_b, infiniplex_staircase_pool
Lair:4:   layout_cave_shapes, elwin_shoals_entry_rocks,
          nicolae_spider_entry_tight_spaces
Lair:5:   layout_regular_city, slime_altar_1, ebering_ghost_rock_garden
Lair:6:   evil_forest, layout_regular_city, minmay_lindwurm_lava
Shoals:1: layout_shoals, serial_shops, nicolae_shop_behind_doors,
          nicolae_shoals_aquamancer_cove
Shoals:2: layout_shoals, nicolae_shoals_mertower, uniq_donald
Shoals:3: layout_shoals, nicolae_shoals_so_close
Shoals:4: shoals_end_grunt_ice, layout_shoals, shoals_ilsuiw_alternative,
          serial_shops, shop, uniq_polyphemus
Orc:1:    layout_diamond_mine
Orc:2:    st_orc_rangers, layout_caves
Elf:1:    minmay_elf_arrival_circle, layout_geoelf_grid, serial_shops,
          shop_fountains, minmay_elf_necromancy, hangedman_elf_targetted_burst,
          minmay_shop_grove, uniq_aizul, uniq_azrael, uniq_kirke
Elf:2:    layout_gridlike
Elf:3:    minmay_elf_hall_statues, layout_geoelf_castle, serial_shops, shop
Vaults:1: nicolae_vaults_network_periphery, hangedman_vaults_hat,
          ontoclasm_vaults_loading_screen, v_misc_33, hangedman_vaults_locks,
          v_pattern_3, vaults_room_pool, v_misc_26, vaults_room_fancy_cross,
          nicolae_vaults_specimen_jars, vaults_room_door_ring,
          layout_vaults_ring, uniq_nikola
Depths:1: thingy_vault_2, layout_cave_pools, minmay_misc_feat_pillars,
          hell_entry, serial_co_window_serial, co_window_of_opportunity_a,
          co_window_of_opportunity_a, co_window_of_opportunity_a,
          co_window_paths_b, co_window_paths_b, co_window_corner_b,
          co_window_2corner, co_window_of_opportunity_c,
          co_window_unsneaky_path_e, co_window_corner_b,
          co_window_of_opportunity_b, glass_columns_c, glass_columns_b,
          glass_columns_c, kennysheep_generic_room_8
Depths:2: minmay_bad_star, layout_basic, serial_bayou_ford_a, hell_entry,
          grunt_gozag_statues, minmay_staircase_windowed_large, uniq_sojobo

Skill      XL: |  1  2  3  4  5  6  7  8  9 10 11 12 13 14 15 16 17 18 19 |
---------------+----------------------------------------------------------+-----
Short Blades   | 2 3 4 5 8 9 11 12 14 | 14.0
Shields        | 1 2 3 4 6 10 13 15 | 15.0
Armour         | 2 4 8 9 11 13 14 15 | 15.0
Invocations    | 5 8 10 14 15 19 | 19.2
Fighting       | 5 6 8 10 11 12 15 16 | 16.0
Dodging        | 3 4 6 8 |  8.0
Stealth        | 4 |  4.0

Action                   |  1- 3 |  4- 6 |  7- 9 | 10-12 | 13-15 | 16-18 | 19-21 || total
-------------------------+-------+-------+-------+-------+-------+-------+-------++-------
Melee: Short sword       |   154 |   224 |    85 |       |       |       |       ||   463
       Headbutt          |       |     8 |    97 |   372 |   859 |   583 |   172 ||  2091
       Unarmed           |       |       |    11 |       |       |    14 |       ||    25
       Rapier            |       |       |   403 |  1335 |  2459 |   585 |       ||  4782
       Scimitar          |       |       |       |       |       |   103 |       ||   103
       Dagger            |       |       |       |       |       |    22 |       ||    22
       Quick blade       |       |       |       |       |       |  1273 |   533 ||  1806
Invok: Depart the Abyss  |     1 |       |       |     2 |     1 |     1 |       ||     5
       Bend Space        |       |     5 |     6 |     7 |       |     6 |       ||    24
       Banish            |       |       |     1 |     9 |       |       |       ||    10
       Brand Weapon With |       |       |       |       |       |     1 |       ||     1
  Use: Potion            |       |     4 |     3 |     7 |     2 |    13 |       ||    29
       Scroll            |       |       |       |    17 |       |    14 |       ||    31
 Stab: Distracted        |       |       |     1 |       |     2 |       |       ||     3
       Confused          |       |       |       |     1 |       |       |       ||     1
       Petrified         |       |       |       |       |       |     1 |       ||     1
Armor: Leather armour    |    35 |    15 |       |       |       |       |       ||    50
       Chain mail        |       |    93 |   145 |   401 |   282 |       |       ||   921
       Skin              |       |       |     9 |       |       |       |       ||     9
       Gold dragon scale |       |       |       |       |   634 |   486 |   101 ||  1221
Dodge: Dodged            |    71 |    68 |   114 |   399 |   617 |   262 |    44 ||  1575
       Repelled          |       |       |       |       |       |    18 |     2 ||    20
Block: Buckler           |    21 |    57 |   267 |   663 |   752 |       |       ||  1760
       Kite shield       |       |       |       |       |   584 |  1289 |   297 ||  2170
       Reflection        |       |       |       |       |       |    46 |    12 ||    58
       Rpst.: Scimitar   |       |       |       |       |       |     3 |       ||     3

Table legend: (Time is in decaauts)
 A = Elapsed time spent in this place.
 B = Non-inter-level travel time spent in this place.
 C = Inter-level travel time spent in this place.
 D = Time resting spent in this place.
 E = Time spent auto-exploring this place.
 F = Levels seen in this place.
 G = Mean time per level.
                   A        B        C        D        E       F      G
               +--------+--------+--------+--------+--------+-----+--------+
         Total |  60437 |  55897 |   4540 |    306 |  46741 |  39 | 1549.7 |
       Dungeon |  29712 |  26955 |   2757 |     98 |  22787 |  15 | 1980.8 |
          Lair |  10411 |   9705 |    706 |      0 |   8222 |   6 | 1735.2 |
        Shoals |   5601 |   5438 |    163 |      0 |   4642 |   4 | 1400.2 |
  Orcish Mines |   3509 |   3006 |    503 |      0 |   2472 |   2 | 1754.5 |
   Elven Halls |   6421 |   6077 |    344 |    108 |   4827 |   3 | 2140.3 |
        Vaults |   1128 |   1128 |      0 |      0 |    894 |   1 | 1128.0 |
        Depths |   2460 |   2396 |     64 |      0 |   1936 |   2 | 1230.0 |
         Abyss |    505 |    505 |      0 |      0 |    441 |   5 |  101.0 |
      Ice Cave |    687 |    687 |      0 |    100 |    519 |   1 |  687.0 |
               +--------+--------+--------+--------+--------+-----+--------+

Top non-repeatable levels by time:
   Elf:1: 3602 daAuts
    D:12: 3101 daAuts
    D:10: 2678 daAuts
     D:7: 2652 daAuts
    D:11: 2634 daAuts
   Elf:2: 2576 daAuts
     D:9: 2463 daAuts
   Orc:2: 2457 daAuts
  Lair:1: 2327 daAuts
Depths:1: 2310 daAuts
    D:15: 2140 daAuts
  Lair:6: 2122 daAuts
     D:3: 2009 daAuts
  Lair:2: 1948 daAuts
     D:5: 1924 daAuts
